 Dungeon Crawl Stone Soup version 0.21-a0-582-g1b93aee (webtiles) character file.

47 Megalobster the Covered (level 3, 0/28 HPs)
             Began as a Gnoll Wanderer on Dec 19, 2017.
             Slain by a gnoll
             ... wielding a +0 spear
              (4 damage)
             ... on level 2 of the Dungeon.
             The game lasted 00:02:09 (790 turns).

Megalobster the Covered (Gnoll Wanderer)             Turns: 790, Time: 00:02:09

Health: 0/28       AC:  6    Str: 13    XL:     3   Next: 70%
Magic:  7/7        EV: 10    Int: 19    God:
Gold:   19         SH:  0    Dex: 16    Spells: 7/7 levels left

rFire    . . .     SeeInvis .   a - +2 hand axe
rCold    . . .     Gourm    .   (no shield)
rNeg     . . .     Faith    .   c - +0 ring mail
rPois    .         Spirit   .   (no helmet)
rElec    .         Reflect  .   (no cloak)
rCorr    .         Harm     .   (no gloves)
MR       .....                  (no boots)
Stlth    +.........             (no amulet)
HPRegen  0.09/turn              (no ring)
MPRegen  0.10/turn              (no ring)

@: brilliant, very slightly contaminated, drained, invisible
A: distributed training, fangs 1, strong nose
a: no special abilities


You were on level 2 of the Dungeon.
You were not hungry.

You visited 1 branch of the dungeon, and saw 2 of its levels.

You collected 19 gold pieces.

Inventory:

Hand Weapons
 a - a +2 hand axe (weapon)
 b - a +0 hunting sling
Missiles
 e - 24 stones (quivered)
 m - 22 sling bullets
Armour
 c - a +0 ring mail (worn)
 o - a +0 scale mail
Jewellery
 g - an uncursed amulet of harm
Scrolls
 i - a scroll of fog {unknown}
 j - a scroll of identify {unknown}
 n - a scroll of amnesia {unknown}
Books
 h - Wuseh's Papyrus of Execration

   Spells                             Type                      Level
   a - Confusing Touch                Hexes                        1
   b - Portal Projectile              Hexes/Translocation          3
Comestibles
 d - 4 rations
 f - 9 chunks of flesh


   Skills:
 + Level 2.6(1.6) Fighting
 + Level 0.9(0.0) Short Blades
 + Level 0.9(0.0) Long Blades
 + Level 2.6(1.6) Axes
 + Level 0.9(0.0) Maces & Flails
 + Level 0.9(0.0) Polearms
 + Level 0.9(0.0) Staves
 + Level 0.9(0.0) Slings
 + Level 0.9(0.0) Bows
 + Level 0.9(0.0) Crossbows
 + Level 0.9(0.0) Throwing
 + Level 6.5(5.4) Armour
 + Level 0.9(0.0) Dodging
 + Level 0.9(0.0) Stealth
 + Level 0.9(0.0) Shields
 + Level 0.9(0.0) Unarmed Combat
 + Level 2.8(1.9) Spellcasting
 + Level 0.6(0.0) Conjurations
 + Level 0.6(0.0) Hexes
 + Level 0.6(0.0) Charms
 + Level 0.6(0.0) Summonings
 + Level 0.6(0.0) Necromancy
 + Level 0.6(0.0) Translocations
 + Level 0.6(0.0) Transmutations
 + Level 0.6(0.0) Fire Magic
 + Level 0.6(0.0) Ice Magic
 + Level 0.6(0.0) Air Magic
 + Level 0.6(0.0) Earth Magic
 + Level 3.8(2.8) Poison Magic
 + Level 1.0(0.1) Invocations
 + Level 4.5(3.5) Evocations


You had 7 spell levels left.
You didn't know any spells.

Dungeon Overview and Level Annotations

Branches:
Dungeon (2/15)

Altars:


Innate Abilities, Weirdness & Mutations

Your experience applies equally to all skills.
You have very sharp teeth.
Your uncanny sense of smell can sniff out nearby items.


Message History

Items here: )) †† a flail; a halberd; a gnoll corpse x2
Items here: )) †† a flail; a halberd; a gnoll corpse x2
Butcher a gnoll corpse? [(y)es/(c)hoosy/(n)o/(a)ll/(e)dible/(q)uit/?]
You butcher the gnoll corpse. x2
f - a chunk of flesh;
f - 5 chunks of flesh (gained 4)
Things that are here:
a flail; a halberd
Things that are here:
a flail; a gnoll corpse You butcher the gnoll corpse.
f - 9 chunks of flesh (gained 4)
You see here a flail.
A gnoll comes into view. It is wielding a spear.
The gnoll shouts!
You hit the gnoll but do no damage. The gnoll hits you with a spear.
* * * LOW HITPOINT WARNING * * *
You closely miss the gnoll. The gnoll hits you with a spear.
You die...

#### ...
#######.#
#...))..#
#.#####.#
#.# .#
#####@# .#
#....g###
∆..
#.......#
..
#..####.#
...
#..####.#
...
#.<...# #
##........
#.......#
#.##.#...


You could see a gnoll.

Vanquished Creatures
  3 gnolls (D:2)
  3 leopard geckos (D:1)
  A bat (D:1)
  A goblin (D:1)
  4 hobgoblins
  2 kobolds (D:1)
  A rat (D:1)
15 creatures vanquished.

Notes
Turn   | Place    | Note
-------+----------+-------------------------------------------
     0 | D:1      | Megalobster the Gnoll Wanderer began the quest for the Orb.
     0 | D:1      | Megalobster set off with: a +2 hand axe, Wuseh's Papyrus of Execration, a +0 ring mail, a ration
     0 | D:1      | Reached XP level 1. HP: 17/17 MP: 4/4
     7 | D:1      | Identified Wuseh's Papyrus of Execration
   170 | D:1      | Reached XP level 2. HP: 20/23 MP: 5/5
   756 | D:2      | Reached XP level 3. HP: 28/28 MP: 7/7
   765 | D:2      | HP: 1/28 [gnoll/halberd (5)]
   774 | D:2      | Reached skill level 1 in Invocations
   790 | D:2      | Slain by a gnoll

Vault maps used:
D:1:      zaba_arrival_water

Skill      XL: |  1  2  3 |
---------------+----------+-----
Invocations    | 1 |  1.0
Fighting       | |  2.6
Short Blades   | |  0.9
Long Blades    | |  0.9
Axes           | |  2.6
Maces & Flails | |  0.9
Polearms       | |  0.9
Staves         | |  0.9
Slings         | |  0.9
Bows           | |  0.9
Crossbows      | |  0.9
Throwing       | |  0.9
Armour         | |  6.5
Dodging        | |  0.9
Stealth        | |  0.9
Shields        | |  0.9
Unarmed Combat | |  0.9
Spellcasting   | |  2.8
Conjurations   | |  0.6
Hexes          | |  0.6
Charms         | |  0.6
Summonings     | |  0.6
Necromancy     | |  0.6
Translocations | |  0.6
Transmutations | |  0.6
Fire Magic     | |  0.6
Ice Magic      | |  0.6
Air Magic      | |  0.6
Earth Magic    | |  0.6
Poison Magic   | |  3.8
Evocations     | |  4.5

Action                   || total
-------------------------++-------
Melee: Hand axe          ||    35
       Bite              ||     3
  Use: Potion            ||     3
 Stab: Invisible         ||     1
Armor: Ring mail         ||    10
Dodge: Dodged            ||    23

Table legend:
 A = Spawn XP
 B = Non-spawn XP
 C = Spawn XP percentage of total XP
 D = Spawn monster count
 E = Non-spawn monster count
 F = Spawn count percentage of total count
 G = Total turns spent on level
                    A         B        C        D         E        F      G
               +---------+---------+-------+---------+---------+-------+---------
         Total |       0 |      68 |   0.0 |       0 |      15 |   0.0 |   790
               +---------+---------+-------+---------+---------+-------+---------
           D:1 |       0 |      22 |   0.0 |       0 |      10 |   0.0 |   744
           D:2 |       0 |      46 |   0.0 |       0 |       5 |   0.0 |    46
               +---------+---------+-------+---------+---------+-------+---------
